 Dungeon Crawl Stone Soup version 0.22-a0-353-g2d6336e (webtiles) character file.

14 Amnesiac the Magician (level 2, 0/21 HPs)
             Began as a Mummy Earth Elementalist on Apr 15, 2018.
             Slain by a hound (2 damage)
             ... on level 3 of the Dungeon.
             The game lasted 00:01:54 (755 turns).

Amnesiac the Magician (Mummy Earth Elementalist)     Turns: 755, Time: 00:01:54

Health: 0/21       AC:  3    Str: 11    XL:     2   Next: 31%
Magic:  0/5        EV: 12    Int: 14    God:
Gold:   20         SH:  0    Dex: 12    Spells: 5/6 levels left

rFire    x . .     SeeInvis .   f - +0 dagger
rCold    + . .     Gourm    .   (no shield)
rNeg     + + +     Faith    .   c - +0 robe
rPois    ∞         Spirit   .   (no helmet)
rElec    .         Reflect  .   (no cloak)
rCorr    .         Harm     +   (no gloves)
MR       .....                  g - +0 pair of boots
Stlth    ++........             d - amulet of harm
HPRegen  0.07/turn              (no ring)
MPRegen  0.09/turn              (no ring)

@: no status effects
A: no food or potions, fire vulnerability, cold resistance 1, negative energy
resistance 3, torment resistance, unbreathing
a: no special abilities


You were on level 3 of the Dungeon.
You were not hungry.

You visited 1 branch of the dungeon, and saw 3 of its levels.

You collected 20 gold pieces.

Inventory:

Hand Weapons
 f - a +0 dagger (weapon)
Missiles
 a - 12 sling bullets
 b - 60 stones (quivered)
 e - 14 poisoned needles
Armour
 c - a +0 robe (worn)
 g - a +0 pair of boots (worn)
 j - a cursed +0 pair of gloves
Jewellery
 d - an amulet of harm (around neck)
 i - an uncursed amulet of magic regeneration {unknown}
 k - an uncursed ring of flight {unknown}
Scrolls
 h - a scroll of magic mapping {!r, unknown}
 l - 3 scrolls of enchant armour {!r, unknown}


   Skills:
 + Level 1.0 Fighting
 * Level 2.1 Dodging
 - Level 1.5 Stealth
 - Level 2.6 Spellcasting
   Level 0.7 Transmutations
 + Level 2.4 Earth Magic


You had 5 spell levels left.
You knew the following spells:

 Your Spells              Type           Power        Failure   Level  Hunger
a - Sandblast             Erth           #.....       9%          1    N/A

Dungeon Overview and Level Annotations

Branches:
Dungeon (3/15)

Altars:
Vehumet


Innate Abilities, Weirdness & Mutations

You do not eat or drink.
Your flesh is vulnerable to fire.
You are immune to poison.
Your flesh is cold resistant. (rC+)
You are immune to negative energy. (rN+++)
You are immune to unholy pain and torment.
You can survive without breathing.


Message History

Aiming: Sandblast (safe; 9% risk of failure)
Press: ? - help, Shift-Dir - straight line, f/p - hound
Aim: a hound (lightly wounded)
The blast of sand hits the hound.
The hound is severely wounded.
b - 64 stones The hound closely misses you.
The hound bites you but does no damage.
Casting: Sandblast (safe; 9% risk of failure)
Confirm with . or Enter, or press ? or * to list all spells.
Aiming: Sandblast (safe; 9% risk of failure)
Press: ? - help, Shift-Dir - straight line, f/p - hound
Aim: a hound (severely wounded)
The blast of sand hits the hound.
The hound is severely wounded.
b - 63 stones The hound bites you.
Casting: Sandblast (safe; 9% risk of failure)
Confirm with . or Enter, or press ? or * to list all spells.
Aiming: Sandblast (safe; 9% risk of failure)
Press: ? - help, Shift-Dir - straight line, f/p - hound
Aim: a hound (severely wounded)
The blast of sand misses the hound.
b - 62 stones The hound closely misses you.
The hound bites you.
Casting: Sandblast (safe; 9% risk of failure)
Confirm with . or Enter, or press ? or * to list all spells.
Aiming: Sandblast (safe; 9% risk of failure)
Press: ? - help, Shift-Dir - straight line, f/p - hound
Aim: a hound (severely wounded)
The blast of sand misses the hound.
b - 61 stones The hound closely misses you.
Casting: Sandblast (safe; 9% risk of failure)
Confirm with . or Enter, or press ? or * to list all spells.
You don't have enough magic to cast that spell.
Casting: Sandblast (safe; 9% risk of failure)
Confirm with . or Enter, or press ? or * to list all spells.
You don't have enough magic to cast that spell.
Casting: Sandblast (safe; 9% risk of failure)
Confirm with . or Enter, or press ? or * to list all spells.
You don't have enough magic to cast that spell.
The hound bites you.
* * * LOW HITPOINT WARNING * * *
The hound misses you. The hound barely misses you.
Casting: Sandblast (safe; 9% risk of failure)
Confirm with . or Enter, or press ? or * to list all spells.
Aiming: Sandblast (safe; 9% risk of failure)
Press: ? - help, Shift-Dir - straight line, f/p - hound
Aim: a hound (severely wounded)
The blast of sand hits the hound.
The hound is almost dead.
b - 60 stones The hound bites you.
* * * LOW HITPOINT WARNING * * *
The hound bites you.
* * * LOW HITPOINT WARNING * * *
Unknown command.
The hound bites you but does no damage. The hound bites you but does no damage.
The hound bites you.
* * * LOW HITPOINT WARNING * * *
The hound bites you.
You die...

.. #.####.#.# +# +.
###.#......#... +.
#.#.#.##....... ##+.
#.#.#.#...# #+# #...
#.#.#.#.#.# #.#
#...#####.#.#.....# #######.#
#.............#.###
........####+#.####.....#...
...........# #.h@....##.#####
####....####+######..##.....
#.#......... #.........#
####.#......... #..#...#..####.
#....#......... #.###.###......
#...............#..#...#.......
#...............#...._.........
#...%..............#...#.......
+......##########.###.###.#####


You could see a hound.

Vanquished Creatures
  3 goblins
  3 kobolds (D:1)
  2 quokkas (D:3)
  2 bats
  2 frilled lizards
  2 rats (D:1)
14 creatures vanquished.

Notes
Turn   | Place    | Note
-------+----------+-------------------------------------------
     0 | D:1      | Amnesiac the Mummy Earth Elementalist began the quest for the Orb.
     0 | D:1      | Reached XP level 1. HP: 13/13 MP: 4/4
   517 | D:2      | Reached XP level 2. HP: 20/20 MP: 5/5
   665 | D:3      | Reached skill level 1 in Fighting
   712 | D:3      | Found a radiant altar of Vehumet.
   752 | D:3      | HP: 1/21 [hound (4)]
   755 | D:3      | Slain by a hound

Vault maps used:
D:1:      minmay_arrival_solitary_statue, serial_bayou_pond_c
D:2:      lemuel_coloured_pillars_altar, overflow_temple_1_default,
          patterned_corridor
D:3:      vehumet_crystals, first_ration, uniq_natasha

Skill      XL: |  1  2 |
---------------+-------+-----
Dodging        | 2 |  2.1
Fighting       | 1 |  1.0
Stealth        | |  1.5
Spellcasting   | |  2.6
Transmutations | |  0.7
Earth Magic    | |  2.4

Action                   || total
-------------------------++-------
Melee: Unarmed           ||    13
       Dagger            ||     7
 Cast: Sandblast         ||    22
 Stab: Sleeping          ||     2
Armor: Robe              ||    25
Dodge: Dodged            ||    35

Table legend:
 A = Spawn XP
 B = Non-spawn XP
 C = Spawn XP percentage of total XP
 D = Spawn monster count
 E = Non-spawn monster count
 F = Spawn count percentage of total count
 G = Total turns spent on level
                    A         B        C        D         E        F      G
               +---------+---------+-------+---------+---------+-------+---------
         Total |       0 |      21 |   0.0 |       0 |      14 |   0.0 |   755
               +---------+---------+-------+---------+---------+-------+---------
           D:1 |       0 |      11 |   0.0 |       0 |       8 |   0.0 |   459
           D:2 |       0 |       3 |   0.0 |       0 |       2 |   0.0 |    98
           D:3 |       0 |       7 |   0.0 |       0 |       4 |   0.0 |   198
               +---------+---------+-------+---------+---------+-------+---------
